 Dungeon Crawl Stone Soup version 0.31-a0-167-g1c394c0614 (webtiles) character file.

Game seed: 13036405092612934725

190 qw the Shooter (level 5, 0/49 HPs)
             Began as a Naga Hunter on June 14, 2023.
             Was an Initiate of Okawaru.
             Slain by Blork the orc
             ... wielding a +0 hand axe
              (3 damage)
             ... on level 4 of the Dungeon.
             The game lasted 00:00:50 (1951 turns).

qw the Shooter (Naga Hunter)                        Turns: 1951, Time: 00:00:51

Health: 0/49       AC:  3    Str: 14    XL:     5   Next: 69%
Magic:  5/5        EV:  9    Int:  9    God:    Okawaru [......]
Gold:   165        SH:  0    Dex: 16    Spells: 4/4 levels left

rFire   . . .        Y - +0 shortbow
rCold   . . .        (shield currently unavailable)
rNeg    . . .        c - +0 leather armour
rPois   +            (no helmet)
rElec   .            (no cloak)
rCorr   .            (no gloves)
SInv    +            (no barding)
Will    .....        (no amulet)
Stlth   ++           (no ring)
HPRegen 0.28/turn    (no ring)
MPRegen 0.09/turn

%: no passive effects
@: short of breath, very slow
A: AC +1, large, see invisible, deformed body, poison resistance, slowness 2,
spit poison 1, naga tail 1
a: Spit Poison, Renounce Religion


You were on level 4 of the Dungeon.
You worshipped Okawaru.
Okawaru was noncommittal.
You visited 1 branch of the dungeon, and saw 4 of its levels.

You collected 165 gold pieces.


Innate Abilities, Weirdness & Mutations

Your serpentine skin is tough. (AC +1)
You have supernaturally acute eyesight. (SInv)
Armour fits poorly on your strangely shaped body.
Your system is resistant to poisons. (rPois)
You cover ground very slowly.
You can spit poison.
You have a snake-like lower body.


   Skills:
 - Level 3.1 Fighting
 + Level 5.7 Ranged Weapons
 - Level 1.5 Dodging
 - Level 1.5 Stealth


You had 4 spell levels left.
You didn't know any spells.
Your spell library was empty.

Inventory:

Hand Weapons
 Y - a +0 shortbow (weapon)
Armour
 c - a +0 leather armour (worn)
Jewellery
 b - a ring of ice
Scrolls
 f - a scroll of enchant armour
 g - a scroll of identify
 i - 2 scrolls of enchant weapon {unknown}
Potions
 a - a potion of might {unknown}
 d - a potion of lignification {unknown}
 e - a potion of brilliance {unknown}
 h - a potion of curing {unknown}
 j - a potion of cancellation {unknown}

Dungeon Overview and Level Annotations

Branches:
Dungeon (4/15)
 Temple: D:4-7

Altars:
Gozag
Kikubaaqudgha
Okawaru
Vehumet

Shops:
D:1 !?[**   D:3 :

Annotations:
D:3 exclusion: statue
D:4 Blork the orc


Message History

The hound is almost dead.
You kill the hound!
Okawaru accepts your kill.
Blork the orc hits you with a +0 hand axe.
Blork the orc looks encouraged for a moment.
You shoot an arrow. The arrow closely misses Blork the orc.
Blork the orc gestures at you while chanting.
The puff of frost hits you!
You shoot an arrow. The arrow barely misses Blork the orc.
Blork the orc grins evilly.
Blork the orc hits you with a +0 hand axe.
You shoot an arrow. The arrow closely misses Blork the orc.
Blork the orc hits you with a +0 hand axe!
You shoot an arrow. The arrow barely misses Blork the orc.
Blork the orc hits you with a +0 hand axe.
You shoot an arrow. The arrow hits Blork the orc.
Blork the orc is lightly wounded.
You have got your breath back.
Blork the orc hits you with a +0 hand axe.
1948 ||| INVOKING Spit Poison.
Aiming: Spit Poison (1% risk of failure)
Press: ? - help, Shift-Dir - straight line, f/p - Blork the orc You fail to use your ability.
Blork the orc barely misses you.
1949 ||| INVOKING Spit Poison.
Aiming: Spit Poison (1% risk of failure)
Press: ? - help, Shift-Dir - straight line, f/p - Blork the orc The splash of poison hits Blork the orc!
Blork the orc is poisoned.
Blork the orc is moderately wounded.
Blork the orc casts a spell at you. The magic dart hits you.
You shoot an arrow. The arrow hits Blork the orc!
Blork the orc is severely wounded.
Blork the orc hits you with a +0 hand axe. x2
You shoot an arrow.
The arrow hits Blork the orc but does no damage.
Blork the orc is severely wounded.
Blork the orc hits you with a +0 hand axe.
You die...

##########
#........#############
####.....................
+.>))....................
##.#.....................
#..#####'###.............
#...# #.................
..#.# #.................
..#.####....###.@........
..#......#### #.o........
.........####............
.#.......................
##.......................
.............##.........
..###........##.........
..###........##.........
.#........#+#


You could see Blork the orc (poisoned).

Vanquished Creatures
  An orc priest (D:4)
  A hound (D:4)
  An orc wizard (D:4)
  An adder (D:2)
  2 worms (D:2)
  5 dart slugs
  3 orcs
  11 endoplasms
  3 giant cockroaches
  6 goblins
  4 hobgoblins
  A quokka (D:1)
  5 ball pythons
  4 bats (D:2)
  A frilled lizard (D:2)
  5 kobolds
  3 rats
57 creatures vanquished.

Vanquished Creatures (others)
  An orc wizard (D:4)
1 creature vanquished.

Grand Total: 58 creatures vanquished

Notes
Turn   | Place    | Note
-------+----------+-------------------------------------------
     0 | D:1      | qw the Naga Hunter began the quest for the Orb.
     0 | D:1      | Reached XP level 1. HP: 19/19 MP: 1/1
     0 | D:1      | 0 ||| qw: Version: 0.2-a-29-g1fa15c8
     0 | D:1      | 0 ||| qw: Game counter: 5105
     0 | D:1      | 0 ||| qw: Always use a shield: true
     0 | D:1      | 0 ||| qw: God list: Okawaru
     0 | D:1      | 0 ||| qw: Allow faded altars: false
     0 | D:1      | 0 ||| qw: Do Orc after D:15 true
     0 | D:1      | 0 ||| qw: Do second Lair branch before Depths: true
     0 | D:1      | 0 ||| qw: Lair rune preference: random
     0 | D:1      | 0 ||| qw: Plans: Normal
     0 | D:1      | 0 ||| PLANNING D:1-11
    46 | D:1      | Found Gielirid's Distillery.
    51 | D:1      | 51 ||| INVOKING Spit Poison.
    59 | D:1      | 59 ||| SHOPLISTING 2 potions of curing (72 gold, have 0).
    59 | D:1      | 59 ||| SHOPLISTING potion of curing (36 gold, have 0).
    59 | D:1      | 59 ||| SHOPLISTING potion of might (48 gold, have 0).
    59 | D:1      | 59 ||| INVOKING Spit Poison.
    72 | D:1      | 72 ||| INVOKING Spit Poison.
    75 | D:1      | Reached skill level 4 in Ranged Weapons
    75 | D:1      | Reached XP level 2. HP: 23/26 MP: 2/2
    91 | D:1      | Found Dejuvo's Magic Scroll Boutique.
   100 | D:1      | 100 ||| SHOPLISTING scroll of enchant weapon (105 gold,
                  | have 0).
   100 | D:1      | 100 ||| SHOPLISTING scroll of identify (28 gold, have 0).
   112 | D:1      | 112 ||| INVOKING Spit Poison.
   142 | D:1      | 142 ||| INVOKING Spit Poison.
   148 | D:1      | Found Ciadus's General Store.
   156 | D:1      | 156 ||| SHOPLISTING +0 cloak (63 gold, have 4).
   156 | D:1      | 156 ||| SHOPLISTING potion of mutation (112 gold, have 4).
   156 | D:1      | 156 ||| SHOPLISTING scroll of teleportation (42 gold, have
                  | 4).
   169 | D:1      | 169 ||| INVOKING Spit Poison.
   217 | D:1      | 217 ||| INVOKING Spit Poison.
   220 | D:1      | Found Wuem's Assorted Antiques.
   238 | D:1      | 238 ||| SHOPLISTING embroidered robe (81 gold, have 4).
   238 | D:1      | 238 ||| SHOPLISTING pair of gloves (99 gold, have 4).
   291 | D:1      | 291 ||| INVOKING Spit Poison.
   304 | D:1      | Found Aqus's Armour Boutique.
   311 | D:1      | 311 ||| SHOPLISTING +1 cloak of Disaster {Str+3} (228 gold,
                  | have 21).
   311 | D:1      | 311 ||| SHOPLISTING +2 robe (127 gold, have 21).
   315 | D:1      | 315 ||| INVOKING Spit Poison.
   386 | D:1      | 386 ||| INVOKING Spit Poison.
   416 | D:1      | 416 ||| DROPPING +6 ring of intelligence.
   417 | D:1      | 417 ||| READING scroll labelled WAOQOM OSHROA.
   418 | D:1      | 418 ||| READING scroll labelled IMITHUTHRASS.
   419 | D:1      | 419 ||| DROPPING scroll of butterflies.
   446 | D:2      | 446 ||| INVOKING Spit Poison.
   483 | D:2      | 483 ||| INVOKING Spit Poison.
   488 | D:2      | Reached XP level 3. HP: 32/32 MP: 3/3
   500 | D:2      | 500 ||| INVOKING Spit Poison.
   503 | D:2      | 503 ||| INVOKING Spit Poison.
   512 | D:2      | 512 ||| INVOKING Spit Poison.
   532 | D:2      | 532 ||| INVOKING Spit Poison.
   533 | D:2      | 533 ||| INVOKING Spit Poison.
   537 | D:2      | 537 ||| INVOKING Spit Poison.
   538 | D:2      | Found an ancient bone altar of Kikubaaqudgha.
   540 | D:2      | 540 ||| INVOKING Spit Poison.
   563 | D:2      | 563 ||| INVOKING Spit Poison.
   568 | D:2      | 568 ||| INVOKING Spit Poison.
   576 | D:2      | 576 ||| INVOKING Spit Poison.
   589 | D:2      | 589 ||| INVOKING Spit Poison.
   670 | D:2      | 670 ||| INVOKING Spit Poison.
   673 | D:2      | Reached skill level 5 in Ranged Weapons
   673 | D:2      | Reached XP level 4. HP: 39/39 MP: 4/4
   779 | D:2      | 779 ||| INVOKING Spit Poison.
   784 | D:2      | 784 ||| INVOKING Spit Poison.
   810 | D:2      | 810 ||| READING scroll labelled VAIKIWNINA.
   811 | D:2      | 811 ||| READING scroll labelled DEABOIPHUO.
   925 | D:3      | Found Usar's Book Emporium.
   999 | D:3      | 999 ||| INVOKING Spit Poison.
  1088 | D:3      | 1088 ||| INVOKING Spit Poison.
  1236 | D:3      | Found an iron altar of Okawaru.
  1237 | D:3      | 1237 ||| PLANNING OKAWARU WORSHIP
  1244 | D:3      | Became a worshipper of Warmaster Okawaru
  1245 | D:3      | 1245 ||| PLANNING D:1-11
  1296 | D:3      | 1296 ||| INVOKING Spit Poison.
  1329 | D:3      | 1329 ||| INVOKING Spit Poison.
  1478 | D:3      | Found a radiant altar of Vehumet.
  1478 | D:3      | Noticed a charred statue
  1643 | D:3      | 1643 ||| INVOKING Spit Poison.
  1747 | D:4      | Found an opulent altar of Gozag.
  1827 | D:4      | 1827 ||| INVOKING Spit Poison.
  1831 | D:4      | 1831 ||| INVOKING Spit Poison.
  1848 | D:4      | 1848 ||| INVOKING Spit Poison.
  1851 | D:4      | Reached skill level 3 in Fighting
  1851 | D:4      | 1851 ||| INVOKING Spit Poison.
  1854 | D:4      | Reached XP level 5. HP: 35/49 MP: 5/5
  1855 | D:4      | 1855 ||| INVOKING Spit Poison.
  1934 | D:4      | Noticed Blork the orc
  1938 | D:4      | 1938 ||| INVOKING Spit Poison.
  1941 | D:4      | 1941 ||| INVOKING Spit Poison.
  1948 | D:4      | 1948 ||| INVOKING Spit Poison.
  1949 | D:4      | 1949 ||| INVOKING Spit Poison.
  1949 | D:4      | HP: 10/49 [Blork the orc/magic dart (6)]
  1950 | D:4      | HP: 3/49 [Blork the orc/+0 hand axe (5)]
  1951 | D:4      | Slain by Blork the orc

Levels and vault maps discovered:
D:1:      ncdulo_halloftheorcs, layout_basic, serial_shops,
          nicolae_diamond_shop, shop, nicolae_shop_stone,
          nicolae_shop_dealshenge, nicolae_shop_advertising_works
          [nicolae_subvault_shop_adworks]
D:2:      layout_rooms, basic_altar
D:3:      layout_loops_corners, mainiacjoe_overflow_boulevard, vehumet_statue,
          serial_shops, nicolae_shop_stone
D:4:      layout_basic, mainiacjoe_overflow_concentric_impassable,
          uniq_blork_the_orc

Skill      XL: |  1  2  3  4 |
---------------+-------------+-----
Ranged Weapons | 4 5 |  5.7
Fighting       | 3 |  3.1
Dodging        | |  1.5
Stealth        | |  1.5

Action                     |  1- 3 |  4- 6 || total
---------------------------+-------+-------++-------
   Fire: Shortbow          |    57 |    67 ||   124
Ability: Spit Poison       |    23 |    15 ||    38
    Use: Scroll            |     2 |     2 ||     4
 Armour: Leather armour    |       |     1 ||     1
  Dodge: Dodged            |     1 |     2 ||     3

Table legend:
 A = Non-vault XP
 B = Vault XP
 C = Vault XP percentage of total XP
 D = Non-vault monster count
 E = Vault monster count
 F = Vault count percentage of total count
                 A         B        C        D         E       F
            +---------+---------+-------+---------+---------+-------
      Total |     272 |       0 |   0.0 |      58 |       0 |   0.0
            +---------+---------+-------+---------+---------+-------
        D:1 |      25 |       0 |   0.0 |      14 |       0 |   0.0
        D:2 |      62 |       0 |   0.0 |      23 |       0 |   0.0
        D:3 |      29 |       0 |   0.0 |      12 |       0 |   0.0
        D:4 |     156 |       0 |   0.0 |       9 |       0 |   0.0
            +---------+---------+-------+---------+---------+-------
